 Dungeon Crawl Stone Soup version 0.24.1 (webtiles) character file.

Game seed: 12914003350168837155, levelgen mode: deterministic

2460 Stormleaks the Covert (level 9, -3/61 HPs)
             Began as an Octopode Assassin on Apr 5, 2020.
             Was a Follower of Dithmenos.
             Slain by an orc warrior
             ... wielding a +0 dire flail
              (22 damage)
             ... on level 8 of the Dungeon.
             The game lasted 00:39:24 (8046 turns).

Stormleaks the Covert (Octopode Assassin)           Turns: 8046, Time: 00:39:24

Health: -3/61      AC:  3    Str: 12    XL:     9   Next: 50%
Magic:  18/18      EV: 16    Int: 16    God:    Dithmenos [*.....]
Gold:   285        SH:  0    Dex: 16    Spells: 8/8 levels left

rFire    . . .     SeeInvis .   a - +2 dagger
rCold    + . .     Gourm    .   (no shield)
rNeg     . . .     Faith    .   (helmet restricted)
rPois    .         Spirit   .   (no amulet)
rElec    .         Reflect  .   g - +2 ring of intelligence
rCorr    .         Harm     .   n - ring of magical power
MR       .....     Clarity  +   p - ring of protection from cold
Stlth    +++++++...             q - ring of flight
HPRegen  0.20/turn              (no ring)
MPRegen  0.16/turn              (no ring)
                                (no ring)
                                (no ring)

@: wreathed by umbra
A: almost no armour, stealthy swim, amphibious, 8 rings, constrict 8, yellow
scales 1, camouflage 1, clarity, strong 1, gelatinous body 1
a: Renounce Religion, Evoke Flight


You were on level 8 of the Dungeon.
You worshipped Dithmenos.
Dithmenos was aware of your devotion.
You were not hungry.

You visited 2 branches of the dungeon, and saw 9 of its levels.

You collected 285 gold pieces.

Inventory:

Hand Weapons
 a - a +2 dagger (weapon)
Missiles
 b - 36 poisoned darts (quivered)
 c - 2 curare-tipped darts
Jewellery
 g - a +2 ring of intelligence (left tentacle)
 n - a ring of magical power (right tentacle)
 p - a ring of protection from cold (on tentacle)
 q - a ring of flight (on tentacle)
Wands
 s - a wand of digging (4)
Scrolls
 i - a scroll of fog
 j - 2 scrolls of remove curse
 k - a scroll of blinking
 l - 4 scrolls of teleportation
 r - a scroll of enchant weapon {unknown}
Potions
 e - a potion of degeneration {unknown}
 h - a potion of mutation
 m - a potion of flight {unknown}
 o - a potion of brilliance {unknown}
Comestibles
 d - 5 rations


   Skills:
 + Level 5.1 Fighting
 + Level 6.3 Short Blades
 + Level 4.1 Throwing
 + Level 5.4 Dodging
 + Level 11.5 Stealth


You had 8 spell levels left.
You didn't know any spells.
Your spell library was empty.

Dungeon Overview and Level Annotations

Branches:
Dungeon (8/15)             Temple (1/1) D:4
   Lair: D:8-11

Altars:
Dithmenos
Fedhas
Kikubaaqudgha
Makhleb
Nemelex Xobeh
Okawaru
Uskayaw
Wu Jian
Zin
The Shining One

Shops:
D:7 :


Innate Abilities, Weirdness & Mutations

You cannot wear most types of armour.
You are very stealthy in the water. (Stealth+)
You are amphibious.
You can wear up to eight rings at the same time.
You can use your tentacles to constrict eight enemies at once.
Your skin changes colour to match your surroundings (Stealth+).
Your rubbery body absorbs attacks. (AC +1, EV +1)
You are partially covered in yellow scales. (AC +2)
You possess an exceptional clarity of mind.
Your muscles are strong. (Str +2)


Message History

You squeeze the orc warrior!
The orc warrior is severely wounded.
You constrict the orc warrior. The adder completely misses you.
The orc warrior barely misses you.
You hit the orc warrior but do no damage.
The orc warrior is severely wounded.
You constrict the orc warrior, but do no damage.
The sky beast closely misses you. The adder barely misses you.
You hit the orc warrior.
The orc warrior is almost dead.
You constrict the orc warrior. The ice beast closely misses you.
The orc warrior hits you with a +0 dire flail!
The sky beast hits you. The sky beast shocks you.
You hit the orc warrior but do no damage.
The orc warrior is almost dead.
You constrict the orc warrior, but do no damage.
The adder misses you. The ice beast completely misses you.
You release your grip on the orc warrior.
The orc warrior hits you with a +0 dire flail!!
You die...

........................
##......................
............#..........##
..........##............#
.......................#
.......#.............%#
.##..............a....# #
#.............Yo....#
###.............@SY...#
##.........[.........##
........##.##......###
.........# #....#.#
....#..##.......####
..###..# #...... ..#
............
..........##....
.....>...##


You could see an orc warrior, an ice beast, a sky beast, a worker ant and an
adder.

Vanquished Creatures
  Eustachio (D:5)
  A hungry ghost (D:8)
  A water moccasin (D:7)
  An orc warrior (D:6)
  3 sky beasts
  An ice beast (D:5)
  3 ogres
  A centaur (D:6)
  2 bullfrogs
  5 killer bees (D:7)
  A howler monkey (D:6)
  A crimson imp (D:7)
  A centaur skeleton (D:4)
  2 hounds (D:5)
  A jelly (D:6)
  2 orc wizards (D:6)
  6 orc priests
  A bullfrog skeleton (D:6)
  4 iguanas
  4 worker ants
  A hound skeleton (D:7)
  8 gnolls
  12 adders
  An ooze (D:5)
  3 worms
  7 leopard geckos
  15 orcs
  3 giant cockroaches
  2 goblins (D:3)
  7 hobgoblins
  5 jackals
  6 kobolds
  2 quokkas
  8 bats
  3 frilled lizards
  A leopard gecko skeleton (D:7)
  7 rats
133 creatures vanquished.

Notes
Turn   | Place    | Note
-------+----------+-------------------------------------------
     0 | D:1      | Stormleaks the Octopode Assassin began the quest for the
                  | Orb.
     0 | D:1      | Reached XP level 1. HP: 14/14 MP: 1/1
   306 | D:1      | Reached XP level 2. HP: 13/19 MP: 2/2
   340 | D:1      | Reached skill level 6 in Stealth
   472 | D:2      | Reached XP level 3. HP: 24/24 MP: 3/3
   518 | D:2      | Found a glowing golden altar of the Shining One.
   527 | D:2      | Found a burning altar of Makhleb.
   548 | D:2      | Found an iron altar of Okawaru.
   558 | D:2      | Found a blossoming altar of Fedhas.
   600 | D:2      | Became a worshipper of Makhleb the Destroyer
  1388 | D:3      | Gained mutation: You are partially covered in yellow
                  | scales. (AC +2) [potion of mutation]
  1388 | D:3      | Gained mutation: Your muscles are strong. (Str +2) [potion
                  | of mutation]
  1388 | D:3      | Gained mutation: You possess an exceptional clarity of
                  | mind. [potion of mutation]
  1496 | D:3      | Reached XP level 4. HP: 22/30 MP: 4/4
  1725 | D:3      | Reached skill level 7 in Stealth
  1818 | D:3      | Reached * piety under Makhleb
  2127 | D:4      | Reached XP level 5. HP: 35/35 MP: 5/5
  2881 | D:4      | Found a staircase to the Ecumenical Temple.
  2923 | Temple   | Entered the Ecumenical Temple
  2961 | D:4      | Reached XP level 6. HP: 42/42 MP: 6/6
  3124 | D:4      | Reached skill level 8 in Stealth
  3680 | D:5      | Entered Level 5 of the Dungeon
  3681 | D:5      | Noticed Eustachio
  3701 | D:5      | Killed Eustachio
  3701 | D:5      | Reached XP level 7. HP: 36/46 MP: 7/7
  4426 | D:5      | Reached skill level 9 in Stealth
  4834 | D:6      | Reached XP level 8. HP: 36/54 MP: 8/8
  5141 | D:5      | Found an ornate altar of the Wu Jian Council.
  5156 | D:5      | Reached skill level 5 in Short Blades
  5405 | D:5      | Found a shadowy altar of Dithmenos.
  5424 | D:5      | Fell from the grace of Makhleb
  5424 | D:5      | Became a worshipper of Dithmenos the Shadowed
  5527 | D:6      | Reached skill level 10 in Stealth
  6932 | D:7      | Reached XP level 9. HP: 59/59 MP: 9/9
  7423 | D:7      | Reached skill level 5 in Dodging
  7564 | D:7      | Reached skill level 11 in Stealth
  7788 | D:7      | Found Lumasigg's Book Emporium.
  7832 | D:7      | Reached * piety under Dithmenos
  7843 | D:7      | Reached skill level 5 in Fighting
  8046 | D:8      | Slain by an orc warrior

Levels and vault maps discovered:
D:1:      minmay_arrival_three_doors, layout_basic,
          chequers_serial_rivers_marsh, st_stairs_14, palyth_stone_intersect,
          minmay_pentomino_t4
D:2:      layout_basic, grunt_temple_overflow_cloverleaf
D:3:      minmay_general_purpose_star, layout_loops_ring
D:4:      layout_gridville, minmay_temple_entry_drinking_statues
D:5:      layout_rooms, nicolae_dithmenos_through_a_glass_darkly, first_ration,
          basic_altar, uniq_eustachio
D:6:      layout_basic, grunt_ministairs_1,
          hangedman_abyss_or_decor_lesser_grid, kennysheep_diamond
D:7:      layout_gridville, serial_shops, kennysheep_mini, minivault_24,
          the_bakery
D:8:      layout_cave_pools
Temple:   nicolae_temple_elliptical

Skill      XL: |  1  2  3  4  5  6  7  8  9 |
---------------+----------------------------+-----
Stealth        | 6 7 8 9 10 11 | 11.5
Short Blades   | 3 4 5 6 |  6.3
Fighting       | 3 4 5 |  5.1
Dodging        | 2 3 4 5 |  5.4
Throwing       | 3 4 |  4.1

Action                   |  1- 3 |  4- 6 |  7- 9 || total
-------------------------+-------+-------+-------++-------
Melee: Dagger            |    72 |    94 |   269 ||   435
       Constrict         |    19 |    21 |    38 ||    78
       Tentacles         |     9 |    19 |    57 ||    85
Throw: Dart              |     4 |    18 |     8 ||    30
  Use: Scroll            |     6 |     3 |     7 ||    16
       Potion            |     1 |       |     4 ||     5
 Stab: Sleeping          |     6 |    11 |    19 ||    36
       Distracted        |       |     1 |     1 ||     2
  Eat: Ration            |     1 |     2 |     4 ||     7
       Chunk             |       |     1 |       ||     1
Armor: Skin              |    13 |    15 |    39 ||    67
Dodge: Dodged            |    53 |    55 |   166 ||   274
